 Dungeon Sprint DCSS version 0.20.1-1-g8b1a95d (webtiles) character file.

21 IDKthis2c the Magician (level 2, -6/22 HPs)
             Began as a Deep Elf Wizard on July 28, 2017.
             Was an Initiate of Sif Muna.
             Mangled by an ogre
             ... wielding a cursed +0 giant spiked club
              (12 damage)
             ... in the Dungeon (Sprint IX: "|||||||||||||||||||||||||||||").
             The game lasted 00:03:53 (175 turns).

IDKthis2c the Magician (Deep Elf Wizard)             Turns: 175, Time: 00:03:53

Health: -6/22      AC:  2    Str:  9    XL:     2   Next: 62%
Magic:  7/12       EV: 13    Int: 22    God:    Sif Muna [......]
Gold:   0          SH:  0    Dex: 13    Spells: 14/15 levels left

rFire    . . .     SeeInvis .   m - +4 quarterstaff (speed)
rCold    . . .     Gourm    .   (shield currently unavailable)
rNeg     . . .     Faith    .   a - +0 robe
rPois    .         Spirit   .   b - +0 hat
rElec    .         Reflect  .   (no cloak)
rCorr    .         Harm     .   (no gloves)
MR       .....     NoTele   +   (no boots)
Stlth    ..........             (no amulet)
Regen    0.1/turn               (no ring)
MPRegen  0.2/turn               (no ring)

@: berserking, very quick
A: no striking features
a: Renounce Religion


You were in the Dungeon.
You worshipped Sif Muna.
Sif Muna was noncommittal.
You were not hungry.

You visited 1 branch

Inventory:

Hand Weapons
 k - a +0 short sword
 m - a +4 quarterstaff of speed (weapon)
Missiles
 l - 5 stones (quivered)
Armour
 a - a +0 robe (worn)
 b - a +0 hat (worn)
Wands
 j - a wand of iceblast (7/15)
Potions
 e - a potion of curing
 g - a potion of haste
 h - 2 potions of magic
Books
 c - a book of Minor Magic

   Spells                             Type                      Level
   a - Magic Dart                     Conjuration                  1
   b - Blink                          Translocation                2
   c - Call Imp                       Summoning                    2
   d - Slow                           Hexes                        2
   e - Conjure Flame                  Conjuration/Fire             3
   f - Mephitic Cloud                 Conjuration/Poison/Air       3
Comestibles
 d - a bread ration


   Skills:
 + Level 0.1 Fighting
 + Level 0.6 Staves
 + Level 3.6 Dodging
 + Level 3.2 Stealth
 + Level 7.2 Spellcasting
 + Level 1.3 Conjurations
   Level 1.1 Summonings
   Level 1.1 Translocations


You had 14 spell levels left.
You knew the following spells:

 Your Spells              Type           Power        Failure   Level  Hunger
a - Magic Dart            Conj           ##..         4%          1    None


Dungeon Overview and Level Annotations

Branches:
Dungeon (1/1)

Altars:
Cheibriados
Dithmenos
Elyvilon
Fedhas
Gozag
Hepliaklqana
Kikubaaqudgha
Makhleb
Nemelex Xobeh
Okawaru
Qazlal
Ru
Sif Muna
Trog
Uskayaw
Vehumet
Xom
Yredelemnul
Zin
The Shining One
Beogh
Jiyva
Lugonu


Message History

Sif Muna accepts your kill.
Your Spellcasting skill increases to level 6!
You have reached level 2!
A red film seems to cover your vision as you go berserk!
You feel yourself moving faster!
You feel mighty! The orc barely misses you.
You barely miss the orc. The orc completely misses you.
You sock the orc!
You kill the orc!
Sif Muna accepts your kill.
Your Stealth skill increases to level 3!
You thump the adder!
You kill the adder!
Sif Muna accepts your kill.
Your Spellcasting skill increases to level 7!
Things that are here:
a flail; a +0 helmet; an orc corpse You barely miss the ogre.
The ogre hits you with a giant spiked club!
Ouch! That really hurt!
You die... ▓▓▓▓▓▓▓▓▓▓▓▓▓▓▓▓▓▓▓▓▓ _____.____'!?|)O@[==+ ▓▓▓▓▓▓▓▓▓▓▓▓▓▓▓▓▓▓▓▓▓

You could see an ogre.

Vanquished Creatures
  An adder (D)
  An adder zombie (D)
  An orc (D)
  A bat skeleton (D)
  A jackal (D)
  2 kobolds (D)
  A frilled lizard (D)
  A rat (D)
9 creatures vanquished.

Notes
Turn   | Place    | Note
-------+----------+-------------------------------------------
     0 | D        | IDKthis2c the Deep Elf Wizard began the quest for the Orb.
     0 | D        | Reached XP level 1. HP: 10/10 MP: 7/7
     8 | D        | Reached skill level 5 in Spellcasting
   106 | D        | Noticed an ogre
   124 | D        | Found a roughly hewn altar of Beogh.
   124 | D        | Found a snail-covered altar of Cheibriados.
   124 | D        | Found a shadowy altar of Dithmenos.
   124 | D        | Found a white marble altar of Elyvilon.
   124 | D        | Found a blossoming altar of Fedhas.
   124 | D        | Found an opulent altar of Gozag.
   125 | D        | Found a hazy altar of Hepliaklqana.
   126 | D        | Found a viscous altar of Jiyva.
   127 | D        | Found an ancient bone altar of Kikubaaqudgha.
   128 | D        | Found a corrupted altar of Lugonu.
   129 | D        | Found a burning altar of Makhleb.
   130 | D        | Found a sparkling altar of Nemelex Xobeh.
   131 | D        | Found an iron altar of Okawaru.
   132 | D        | Found a stormy altar of Qazlal.
   133 | D        | Found a sacrificial altar of Ru.
   134 | D        | Found a deep blue altar of Sif Muna.
   135 | D        | Found a bloodstained altar of Trog.
   136 | D        | Found a hide-covered altar of Uskayaw.
   137 | D        | Found a radiant altar of Vehumet.
   139 | D        | Found a shimmering altar of Xom.
   140 | D        | Found a basalt altar of Yredelemnul.
   141 | D        | Found a glowing silver altar of Zin.
   142 | D        | Became a worshipper of Sif Muna the Loreminder
   143 | D        | Found a glowing golden altar of the Shining One.
   169 | D        | Reached skill level 6 in Spellcasting
   169 | D        | Reached XP level 2. HP: 4/15 MP: 6/11
   173 | D        | Reached skill level 7 in Spellcasting
   175 | D        | Mangled by an ogre

Skill      XL: |  1  2 |
---------------+-------+-----
Dodging        | 3 |  3.6
Spellcasting   | 6 7 |  7.2
Stealth        | 3 |  3.2
Fighting       | |  0.1
Staves         | |  0.6
Conjurations   | |  1.3
Summonings     | |  1.1
Translocations | |  1.1

Action                   || total
-------------------------++-------
Melee: Quarterstaff      ||     5
       Short sword       ||     1
 Cast: Magic Dart        ||    16
  Use: Potion            ||     2
       Scroll            ||     1
Armor: Robe              ||     9
Dodge: Dodged            ||    23
